 Dungeon Crawl Stone Soup version 0.22-a0-858-g985ef60 (webtiles) character file.

649745 VLARC the Phalangite (level 27, -1/246 HPs)
             Began as a Centaur Arcane Marksman on July 22, 2018.
             Was the Champion of the Shining One.
             Slain by a frost giant
             ... wielding a +1 battleaxe of freezing
             ... created by the fury of Okawaru
              (7 damage)
             ... in a wizard's laboratory on July 27, 2018.
             The game lasted 05:36:39 (120073 turns).

VLARC the Phalangite (Centaur Arcane Marksman)    Turns: 120073, Time: 05:36:40

Health: -1/246     AC: 35    Str: 24    XL:     27
Magic:  1/33       EV: 19    Int: 25    God:    the Shining One [******]
Gold:   2176       SH: 14    Dex: 10    Spells: 25/45 levels left

rFire    + . .     SeeInvis +   a - +9 longbow (holy)
rCold    + . .     Gourm    .   (shield currently unavailable)
rNeg     + + +     Faith    .   D - +1 pearl dragon scales of Kalac {*Drain rElec rN+ Str+6}
rPois    .         Spirit   .   K - +2 helmet {SInv}
rElec    +         Reflect  +   e - +2 cloak {MR+}
rCorr    .         Harm     .   F - +2 pair of gloves of Fott {Str+4 Int+4 Stlth-}
MR       ++++.                  N - +1 centaur barding {rC+}
Stlth    ..........             B - amulet of Atheism {Reflect Int+2 Slay+2 SH+2 Stlth+}
HPRegen  0.51/turn              T - ring of Phasing {EV+8}
MPRegen  0.23/turn              c - ring "Asosuam Olipp" {rF+ rN+ MR+ Str-5}

@: divine shield, about to teleport, portal projectile, glowing, very quick
A: large, hooves 3, deformed body, speed 2, low mp 1, tough skin 3, subdued
magic 2
}: 3/15 runes: decaying, serpentine, abyssal
a: Divine Shield, Cleansing Flame, Summon Divine Warrior, Renounce Religion,
Cancel Portal Projectile


You were in a wizard's laboratory.
You worshipped the Shining One.
The Shining One was exalted by your worship.
You were not hungry.

You visited 12 branches of the dungeon, and saw 50 of its levels.
You visited the Abyss 4 times.
You visited 1 bazaar.
You also visited: Labyrinth, Ice Cave, Volcano and Wizlab.

You collected 8099 gold pieces.
You spent 5923 gold pieces at shops.

Inventory:

Hand Weapons
 a - a +9 longbow of holy wrath (weapon)
 b - a +4 bardiche of flaming
 w - a +0 bardiche of freezing
Missiles
 d - 1263 arrows (quivered)
Armour
 e - a +2 cloak of magic resistance (worn)
 C - a scarf of resistance
 D - the +1 pearl dragon scales of Kalac (worn) {*Drain rElec rN+ Str+6}
   (You bought it in a shop on level 1 of the Depths)

   It affects your strength (+6).
   It insulates you from electricity.
   It protects you from negative energy.
   It causes draining when unequipped.
 F - the +2 pair of gloves of Fott (worn) {Str+4 Int+4 Stlth-}
   (You found it on level 4 of the Depths)

   It affects your strength (+4).
   It affects your intelligence (+4).
   It makes you less stealthy.
 K - a +2 helmet of see invisible (worn)
 N - a +1 centaur barding of cold resistance (worn)
 Q - a +1 centaur barding of flying
 S - a +1 centaur barding of fire resistance
Jewellery
 c - the ring "Asosuam Olipp" (right hand) {rF+ rN+ MR+ Str-5}
   (You found it on level 9 of the Dungeon)

   [ring of protection from fire]

   It affects your strength (-5).
   It protects you from fire.
   It protects you from negative energy.
   It affects your resistance to hostile enchantments.
 m - the ring "Cityzoq" {rPois Str+6 Slay+3}
   (You took it off a spriggan defender on level 2 of the Depths)

   [ring of strength]

   It affects your strength (+6).
   It affects your accuracy and damage with ranged weapons and melee attacks
   (+3).
   It protects you from poison.
 z - an uncursed ring of protection from magic
 B - the amulet of Atheism (around neck) {Reflect Int+2 Slay+2 SH+2 Stlth+}
   (You bought it in a shop on level 1 of the Snake Pit)

   [amulet of reflection]

   It shields you and reflects attacks.
   It affects your intelligence (+2).
   It affects your accuracy and damage with ranged weapons and melee attacks
   (+2).
   It affects your SH (+2).
   It makes you more stealthy.
 H - an uncursed amulet of magic regeneration {unknown}
 M - a +5 ring of protection
 T - the ring of Phasing (left hand) {EV+8}
   (You took it off a deep elf annihilator on level 3 of the Elven Halls)

   [ring of evasion]

   It affects your evasion (+8).
 V - the ring "Paocigrusch" {rC+++ MR- Dex+6 Stlth-}
   (You took it off a centaur warrior on level 4 of the Depths)

   [ring of attention]

   It affects your dexterity (+6).
   It renders you almost immune to cold.
   It affects your resistance to hostile enchantments.
   It makes you less stealthy.
 W - the ring "Ekumuommia" {MR+ Stlth+}
   (You took it off a centaur warrior on level 2 of the Depths)

   [ring of stealth]

   It affects your resistance to hostile enchantments.
   It makes you more stealthy.
Wands
 s - a wand of acid (18)
 x - a wand of digging (49)
Scrolls
 g - 17 scrolls of teleportation
 h - 2 scrolls of brand weapon
 i - 6 scrolls of amnesia
 j - 4 scrolls of summoning
 k - 2 scrolls of holy word
 t - 20 scrolls of remove curse
 v - 5 scrolls of identify
 y - 7 scrolls of magic mapping
 E - 8 scrolls of fog
 J - a scroll of blinking
 X - 11 scrolls of fear
 Y - a scroll of enchant weapon
Potions
 l - 5 potions of agility
 n - 11 potions of magic
 o - 7 potions of resistance
 p - 2 potions of might
 q - 16 potions of curing
 r - 8 potions of brilliance
 u - 8 potions of lignification
 A - 3 potions of invisibility
 G - 13 potions of haste
 I - 5 potions of ambrosia
 L - 7 potions of berserk rage
 P - 6 potions of mutation
 U - 4 potions of cancellation
 Z - 7 potions of flight
Miscellaneous
 R - a box of beasts
Comestibles
 f - 44 rations


   Skills:
 - Level 20.0 Fighting
 - Level 22.0 Polearms
 - Level 21.0 Bows
 - Level 16.0 Armour
 - Level 12.0 Dodging
 + Level 9.8 Spellcasting
 - Level 9.0 Hexes
 + Level 15.1 Summonings
 - Level 8.0 Translocations
 + Level 15.9 Invocations


You had 25 spell levels left.
You knew the following spells:

 Your Spells              Type           Power        Failure   Level  Hunger
a - Corona                Hex            #####..      1%          1    None
b - Confuse               Hex            #####...     1%          3    None
c - Portal Projectile     Hex/Tloc       ####..       1%          3    None
d - Tukima's Dance        Hex            #####...     1%          3    None
e - Blink                 Tloc           N/A          1%          2    None
f - Apportation           Tloc           ####..       1%          1    None
g - Summon Butterflies    Summ           ######..     0%          1    None
h - Shadow Creatures      Summ           N/A          1%          6    ######.

Your spell library contained the following spells:

 Spells                   Type           Power        Failure   Level  Hunger
 Cause Fear               Hex            #####.....   1%          4    #......
 Magic Dart               Conj           #...         7%          1    None
 Fireball                 Conj/Fire      #.........   93%         5    ####...
 Conjure Flame            Conj/Fire      #.......     22%         3    None
 Bolt of Fire             Conj/Fire      #.........   100%        6    ######.
 Bolt of Cold             Conj/Ice       #.........   100%        6    ######.
 Lightning Bolt           Conj/Air       #.........   93%         5    ####...
 Slow                     Hex            #####...     1%          2    None
 Invisibility             Hex            #####...     28%         6    ######.
 Throw Flame              Conj/Fire      #.....       11%         2    None
 Controlled Blink         Tloc           N/A          100%        8    #######
 Freezing Cloud           Conj/Ice/Air   #.........   100%        6    ######.
 Mephitic Cloud           Conj/Pois/Air  #.......     22%         3    None
 Ring of Flames           Chrm/Fire      #.........   100%        7    #######
 Venom Bolt               Conj/Pois      #.........   93%         5    ####...
 Olgreb's Toxic Radiance  Pois           #.......     63%         4    #......
 Summon Small Mammal      Summ           ####         0%          1    None
 Bolt of Draining         Conj/Necr      #.........   93%         5    ####...
 Lehudib's Crystal Spear  Conj/Erth      #.........   100%        8    #######
 Fire Storm               Conj/Fire      #.........   100%        9    #######
 Animate Dead             Necr           N/A          63%         4    #......
 Pain                     Necr           #...         7%          1    None
 Animate Skeleton         Necr           N/A          7%          1    None
 Vampiric Draining        Necr           #.........   22%         3    None
 Ozocubu's Refrigeration  Ice            #.........   100%        6    ######.
 Sticky Flame             Conj/Fire      #.......     63%         4    #......
 Summon Ice Beast         Ice/Summ       ####....     2%          4    #......
 Call Imp                 Summ           ######..     0%          2    None
 Dispel Undead            Necr           #.......     93%         5    ####...
 Poison Arrow             Conj/Pois      #.........   100%        6    ######.
 Regeneration             Chrm/Necr      #.........   22%         3    None
 Sting                    Conj/Pois      #...         7%          1    None
 Sublimation of Blood     Necr           #.........   11%         2    None
 Corpse Rot               Necr           N/A          11%         2    None
 Stone Arrow              Conj/Erth      #.....       22%         3    None
 Shock                    Conj/Air       #...         7%          1    None
 Swiftness                Chrm/Air       #.......     11%         2    None
 Agony                    Necr           #.......     93%         5    ####...
 Spider Form              Tmut/Pois      #.........   22%         3    None
 Blade Hands              Tmut           #.........   93%         5    ####...
 Statue Form              Tmut/Erth      #........    100%        6    ######.
 Ice Form                 Ice/Tmut       #.......     63%         4    #......
 Dragon Form              Tmut           #.........   100%        7    #######
 Glaciate                 Conj/Ice       #.........   100%        9    #######
 Airstrike                Air            #.........   63%         4    #......
 Confusing Touch          Hex            #####.       1%          1    None
 Flame Tongue             Conj/Fire      #....        7%          1    None
 Passwall                 Tmut/Erth      #.......     11%         2    None
 Ignite Poison            Fire/Tmut/Pois #.......     22%         3    None
 Sticks to Snakes         Tmut           #.......     11%         2    None
 Call Canine Familiar     Summ           ######..     0%          3    None
 Ensorcelled Hibernation  Hex/Ice        ###...       1%          2    None
 Metabolic Englaciation   Hex/Ice        ###.......   32%         5    ####...
 Silence                  Hex/Air        ###.......   32%         5    ####...
 Static Discharge         Conj/Air       #.......     22%         3    None
 Alistair's Intoxication  Tmut/Pois      #.......     93%         5    ####...
 Lee's Rapid Deconstruct  Erth           #.........   93%         5    ####...
 Sandblast                Erth           #.....       7%          1    None
 Simulacrum               Ice/Necr       #.........   100%        6    ######.
 Chain Lightning          Conj/Air       #.........   100%        8    #######
 Excruciating Wounds      Chrm/Necr      #.........   93%         5    ####...
 Petrify                  Tmut/Erth      #.......     63%         4    #......
 Passage of Golubria      Tloc           N/A          1%          4    #......
 Leda's Liquefaction      Hex/Erth       ###.......   11%         4    #......
 Summon Hydra             Summ           ######....   12%         7    #######
 Darkness                 Hex            #####.....   28%         6    ######.
 Shroud of Golubria       Chrm/Tloc      ###.......   1%          2    None
 Inner Flame              Hex/Fire       ###.....     2%          3    None
 Beastly Appendage        Tmut           #.....       7%          1    None
 Dazzling Spray           Conj/Hex       ###...       2%          3    None
 Infusion                 Chrm           #...         7%          1    None
 Song of Slaying          Chrm           #.......     11%         2    None
 Spectral Weapon          Hex/Chrm       ###.....     2%          3    None
 Summon Forest            Summ/Tloc      #####.....   1%          5    ####...
 Summon Lightning Spire   Summ/Air       ####....     2%          4    #......
 Summon Guardian Golem    Hex/Summ       #####...     1%          3    None
 Summon Mana Viper        Hex/Summ       #####...     1%          5    ####...
 Hydra Form               Tmut           #.........   100%        6    ######.
 Irradiate                Conj/Tmut      #.........   93%         5    ####...
 Yara's Violent Unravell  Hex/Tmut       ###.......   32%         5    ####...
 Lesser Beckoning         Tloc           ####......   1%          3    None
 Poisonous Vapours        Pois/Air       #.....       11%         2    None
 Ignition                 Fire           #.........   100%        8    #######
 Borgnjor's Vile Clutch   Necr/Erth      #.........   93%         5    ####...


Dungeon Overview and Level Annotations

Branches:
Dungeon (15/15)            Temple (1/1) D:4            Lair (6/6) D:8
  Swamp (4/4) Lair:4        Snake (4/4) Lair:2        Slime (0/5) Lair:5
    Orc (2/2) D:11            Elf (3/3) Orc:2        Vaults (4/5) D:14
  Crypt (2/3) Vaults:2     Depths (5/5) D:15           Hell (1/1)
    Dis (0/7) Hell            Geh (0/7) Hell            Coc (0/7) Hell
    Tar (0/7) Hell            Zot (3/5) Depths:5

Altars:
Ashenzari
Cheibriados
Dithmenos
Elyvilon
Fedhas
Gozag
Hepliaklqana
Kikubaaqudgha
Makhleb
Nemelex Xobeh
Okawaru
Qazlal
Ru
Sif Muna
Trog
Uskayaw
Vehumet
Wu Jian
Xom
Yredelemnul
Zin
The Shining One
Beogh

Shops:
D:6 :(:!   D:9 (   D:10 !   D:14 =*[   Orc:2 [(=%   Snake:1 }=}   Snake:2 (
Snake:4 *!   Vaults:1 *   Vaults:3 !   Vaults:4 }   Depths:1 :[[   Depths:3 *%(

Portals:
Hell: Depths:1 Depths:2 Depths:3 Depths:4 Depths:5
Abyss: Depths:1 Depths:4
Pandemonium: Depths:3
Ziggurat: Depths:2
Trove: Elf:1 (give 2 scrolls of acquirement)

Annotations:
Vaults:2 Mennas
Depths:2 1 runed door
Zot:3 1 transporter, Izxoet's ghost, legendary NaFi


Innate Abilities, Weirdness & Mutations

You have hooves in place of feet.
Armour fits poorly on your strangely shaped body.
You cover ground very quickly.
You have extremely tough skin. (AC +3)
Your magical capacity is low. (-10% MP)
Your spells are easier to cast, but less powerful.


Message History

The lorocyproca writhes in agony!
The lorocyproca is almost dead.
The golden flame engulfs the stone giant.
The stone giant is moderately wounded.
You feel somewhat more hungry. The frost giant casts a spell at you.
The bolt of cold hits you! You resist.
* * * LOW HITPOINT WARNING * * *
The lorocyproca misses you.
Firing (i - inventory)
d - 1264 arrows (quivered)
Press: ? - help, Shift-Dir - straight line, f - lorocyproca
Aim: a lorocyproca (grey smoke, almost dead, slightly transparent, haloed)
You magically shoot an arrow.
The arrow hits the lorocyproca!!
You kill the lorocyproca!
The Shining One accepts your kill.
The stone giant throws a large rock.
The large rock hits you!
* * * LOW HITPOINT WARNING * * *
The large rock disappears in a puff of smoke!
The frost giant hits you with a battleaxe of freezing!
You die...

##.........##
##.CC....##
###(''###
###.)...##
###.(.3..C..###
#..3.2C...§...##
#...(.....§C§§..##
#......#####§CC§§.#
#.....## #C@§§.#
#.(.(2## ##§§§..#
#..... .§§...#
#...... .§..§.§.#
#...... .........#
..........#
...##.......# 8_8#
.......)#


You could see a frost giant, a fire giant and 2 stone giants.

Vanquished Creatures
  4 juggernauts
  An ancient lich (Depths:2)
  Sojobo (Depths:5)
  Boris (Vaults:4)
  Frederick (Depths:3)
  Saint Roka (Orc:2)
  A curse toe (Zot:3)
  7 caustic shrikes
  7 golden dragons
  Geryon (Hell)
  A Killer Klown (Zot:2)
  Nikola (Snake:1)
  Jory (Crypt:2)
  8 liches
  Jorgrun (Depths:1)
  15 tentacled monstrosities
  9 deep elf blademasters
  A Hell Sentinel (Abyss:3)
  The ghost of Kotimufi the Spry, an adept OpHu of Gozag (Vaults:1)
  5 deep elf master archers
  3 quicksilver dragons
  An Executioner (Abyss:3)
  Frances (Snake:2)
  The ghost of Ino Riwk the Rich, an adept GnIE of Gozag (Elf:3)
  16 titans
  5 sphinxes
  Kirke (Snake:1)
  7 tentacled starspawn
  Murray (Depths:1)
  Gastronok (Lair:3)
  The ghost of Monsterracer the Brawler, an adept DrWn of Okawaru (Swamp:4)
  5 shadow dragons
  Donald (Elf:2)
  5 death cobs
  4 tengu reavers
  Agnes (Snake:4)
  6 draconian monks
  4 thorn hunters
  8 storm dragons
  A blood saint (WizLab)
  14 nagarajas
  25 fire giants
  The ghost of sking99 the Brawler, a journeyman TrMo of Jiyva (Swamp:1)
  A revenant (Crypt:1)
  21 frost giants
  Aizul (Snake:1)
  6 draconian scorchers
  6 draconian knights
  5 balrugs
  2 iron dragons
  2 cacodemons
  An orc warlord (Vaults:2)
  3 deep elf elementalists
  2 ghost moths (Zot:2)
  2 curse skulls
  16 vault wardens
  5 ironheart preservers
  4 deep elf sorcerers
  Louise (Swamp:2)
  2 war gargoyles
  A reaper (Depths:1)
  28 very ugly things
  2 entropy weavers
  2 draconian shifters (Zot:2)
  7 draconian annihilators
  3 spriggan defenders (Depths:2)
  36 stone giants
  7 vampire knights
  5 red draconians
  7 black draconians
  6 green draconians
  4 deep elf demonologists (Elf:3)
  8 spark wasps
  7 yellow draconians
  5 white draconians
  7 lorocyprocas
  7 purple draconians
  A minotaur (Lab)
  12 deep elf annihilators
  3 eidola
  7 deep elf death magi
  4 blizzard demons
  10 ettins
  8 statues (Depths:3)
  7 jiangshi (Crypt:1)
  3 crystal guardians (Depths:2)
  14 fire dragons
  A fire dragon (shapeshifter) (Vaults:3)
  6 deep elf high priests
  11 great orbs of eyes
  Erolcha (D:10)
  11 ice dragons
  3 hell beasts
  11 yaktaur captains
  7 rakshasas
  17 hydras
  6 vault guards
  2 ghost crabs
  18 naga warriors
  10 spriggan air magi
  4 catoblepae
  17 centaur warriors
  Erica (D:7)
  A catoblepas (shapeshifter) (Depths:4)
  10 anacondas
  25 dancing weapons
  4 death knights
  59 two-headed ogres
  5 tengu warriors
  19 ogre magi
  19 spriggan berserkers
  14 deep troll shamans
  4 hell hogs
  9 deep troll earth magi
  Urug (Lair:2)
  9 naga sharpshooters
  5 soul eaters
  4 death yaks
  2 orc high priests
  6 alligators
  12 thrashing horrors
  3 shock serpents
  8 vampire magi
  12 sun demons
  23 deep elf knights
  10 wretched stars
  12 iron trolls
  2 shadow wraiths
  A fire crab (shapeshifter) (Depths:2)
  7 sea snakes (Snake:4)
  4 skeletal warriors
  A spatial maelstrom (Abyss:4)
  2 sixfirhies
  A fire crab (Abyss:3)
  A death drake (Vaults:1)
  4 glowing orange brains
  2 anaconda zombies (Hell)
  2 spriggan druids
  2 unseen horrors
  An unseen horror (shapeshifter) (Vaults:4)
  22 deep trolls
  3 shambling mangroves
  12 swamp dragons
  3 starcursed masses (Abyss:3)
  2 shadow demons (WizLab)
  A deep troll (shapeshifter) (Depths:2)
  21 deep elf archers
  9 naga ritualists
  An obsidian statue (Vaults:1)
  6 wizards
  7 flayed ghosts
  26 hell knights
  11 ironbrand convokers
  3 lindwurms (Swamp:4)
  5 harpies (Vaults:2)
  8 phantasmal warriors
  8 necromancers
  8 mana vipers
  15 orc knights
  2 wolf spiders
  79 deep elf magi
  3 manticores
  49 ugly things
  5 salamanders
  3 orc sorcerers
  29 moths of wrath
  A cyclops (shapeshifter) (Depths:2)
  11 vault sentinels
  11 guardian serpents
  7 cyclopes
  A molten gargoyle (Depths:1)
  A water nymph (shapeshifter) (Depths:5)
  An iron dragon skeleton (Crypt:1)
  36 black mambas
  Psyche (D:7)
  Joseph (D:8)
  7 smoke demons
  2 apocalypse crabs (Abyss:3)
  A dire elephant zombie (Abyss:3)
  7 orange demons
  The ghost of lurker the Digger, a novice DDEE (D:4)
  A spiny frog (shapeshifter) (Depths:4)
  25 naga magi
  2 rust devils
  2 ice statues (IceCv)
  5 gargoyles
  A yaktaur zombie (Vaults:1)
  18 spiny frogs
  2 hellions (WizLab)
  5 komodo dragons
  A kobold demonologist (D:11)
  A tormentor (WizLab)
  2 efreet
  4 centaur skeletons
  6 freezing wraiths
  2 rime drakes (Lair:6)
  4 ancient zymes
  7 red devils
  75 yaktaurs
  15 ice devils
  3 tengu conjurers
  A yaktaur skeleton (Vaults:1)
  13 large abominations
  15 trolls
  5 meliai (shapeshifter)
  4 hellwings
  A hydra zombie (Hell)
  12 hornets
  12 tyrant leeches
  Prince Ribbit (D:7)
  2 jumping spiders (Vaults:1)
  A wind drake (shapeshifter) (Depths:2)
  A hornet (shapeshifter) (Elf:3)
  A queen bee (shapeshifter) (Vaults:1)
  A blink frog (shapeshifter) (Vaults:3)
  2 hydra skeletons (Hell)
  A polar bear (Lair:6)
  6 bog bodies
  A meliai zombie (D:14)
  4 dream sheep (Lair:4)
  16 blink frogs
  A hippogriff (shapeshifter) (Elf:3)
  10 hippogriffs
  16 raiju
  39 slime creatures
  10 redbacks (Vaults:1)
  2 air elementals
  A redback (shapeshifter) (Depths:3)
  A yak (shapeshifter) (Vaults:4)
  3 shadows
  7 wyverns
  12 flying skulls
  6 water elementals
  A tarantella (Vaults:1)
  8 spriggans
  53 yaks
  9 wraiths
  6 ynoxinuls
  8 fire elementals
  9 fire bats
  A tarantella (shapeshifter) (Vaults:3)
  4 neqoxecs
  3 basilisks
  A fire dragon skeleton (Crypt:1)
  2 hogs (shapeshifter) (Depths:2)
  A golden eye (shapeshifter) (Elf:2)
  A hog (Snake:1)
  Grum (D:7)
  18 vampire mosquitoes
  7 chaos spawn
  A redback simulacrum (D:15)
  2 steam dragons (Volcano)
  3 wargs
  2 hungry ghosts
  7 small abominations
  58 nagas
  Duvessa (D:7)
  16 insubstantial wisps
  A soldier ant (shapeshifter) (Depths:2)
  2 acid dragons (Vaults:2)
  A hydra simulacrum (Hell)
  11 hell hounds
  16 swamp worms
  An ogre skeleton (Vaults:1)
  14 water moccasins
  4 floating eyes
  6 porcupines
  A spiny frog zombie (Hell)
  2 spiny frog skeletons (Hell)
  8 swamp drakes
  5 ice beasts
  51 orc warriors
  A blink frog zombie (Crypt:1)
  6 sky beasts
  3 black bears
  A boggart (Depths:4)
  An eye of draining (Abyss:3)
  37 ogres
  A necrophage (D:15)
  14 centaurs
  6 wolves
  17 crocodiles
  4 big kobolds
  A hog skeleton (Crypt:1)
  24 bullfrogs
  A human zombie (Vaults:1)
  4 gnoll sergeants
  3 earth elementals
  A spiny frog simulacrum (Hell)
  2 wyvern zombies
  Dowan (D:7)
  A water moccasin skeleton (D:7)
  4 scorpions
  5 killer bees (D:7)
  4 howler monkeys
  18 wights
  5 electric eels
  A vampire bat (D:4)
  A centaur zombie (D:9)
  3 crimson imps
  3 quasits
  2 bullfrog zombies (D:13)
  7 hounds
  8 jellies
  15 orc priests
  An iron imp (Depths:4)
  4 bullfrog skeletons
  18 orc wizards
  4 iguanas
  9 hell rats
  8 worker ants
  A big kobold skeleton (Crypt:1)
  A hound zombie (D:10)
  A howler monkey zombie (D:5)
  2 howler monkey skeletons
  14 adders
  17 gnolls
  7 shadow imps
  4 white imps (IceCv)
  5 ufetubi
  5 oozes
  3 adder zombies
  A halfling zombie (Crypt:2)
  2 adder skeletons
  4 worms
  A dart slug (D:3)
  4 leopard geckos
  114 orcs
  4 bats
  4 bat skeletons (D:4)
  3 bat zombies (D:4)
  5 giant cockroaches
  3 goblins
  8 hobgoblins
  6 jackals
  16 kobolds
  9 quokkas
  3 ball pythons
  A frilled lizard (D:2)
  2 goblin skeletons (D:9)
  3 hobgoblin zombies (D:9)
  A jackal skeleton (D:6)
  A kobold zombie (D:9)
  A leopard gecko zombie (D:8)
  2 orc skeletons (D:9)
  2 orc zombies
  11 rats
  3 fire vortices (Depths:3)
  5 plants
  4 starspawn tentacles (Abyss:3)
  2 tentacles (Abyss:3)
2603 creatures vanquished.

Vanquished Creatures (collateral kills)
  A golden dragon (Zot:1)
  A frost giant (Zot:1)
  A draconian annihilator (Zot:3)
  3 ettins (Zot:1)
  A hydra (Swamp:4)
  An alligator (Swamp:4)
  A troll (Zot:1)
9 creatures vanquished.

Vanquished Creatures (others)
  A kraken (Abyss:3)
  A large abomination (Abyss:3)
  A necromancer (Hell)
  A black mamba (Snake:4)
  3 yaktaurs
  A raiju (Abyss:3)
  A spriggan (Swamp:3)
  A human (Snake:1)
  A wyvern (Volcano)
  A steam dragon (Volcano)
  A centaur (Depths:4)
  A killer bee (Abyss:4)
  2 hell rats (Hell)
  4 white imps (IceCv)
  6 ufetubi (IceCv)
  3 briar patches (Swamp:4)
  2 bushes (D:14)
  A fire vortex (Depths:3)
  5 fungi
  44 plants
  14 starspawn tentacles
  4 tentacles (Abyss:3)
99 creatures vanquished.

Grand Total: 2711 creatures vanquished

Notes
Turn   | Place    | Note
-------+----------+-------------------------------------------
     0 | D:1      | VLARC the Centaur Arcane Marksman began the quest for the Orb.
     0 | D:1      | Reached XP level 1. HP: 16/16 MP: 2/2
    95 | D:1      | Reached XP level 2. HP: 21/24 MP: 3/3
   428 | D:1      | Reached XP level 3. HP: 6/31 MP: 4/4
  1290 | D:2      | Reached skill level 1 in Polearms
  1290 | D:2      | Reached XP level 4. HP: 38/38 MP: 5/5
  1595 | D:2      | Reached skill level 2 in Polearms
  1678 | D:2      | Found a blossoming altar of Fedhas.
  1687 | D:2      | Found a stormy altar of Qazlal.
  1839 | D:2      | Found a basalt altar of Yredelemnul.
  2257 | D:3      | Found a shattered altar of Ashenzari.
  2986 | D:3      | Found an ornate altar of the Wu Jian Council.
  3033 | D:3      | Reached skill level 3 in Polearms
  3033 | D:3      | Reached XP level 5. HP: 39/45 MP: 6/6
  3158 | D:4      | Found a staircase to the Ecumenical Temple.
  3160 | D:4      | Found a runed gate.
  3161 | D:4      | Found a runed gate.
  3198 | D:4      | Reached skill level 4 in Polearms
  3504 | D:4      | Noticed lurker's ghost (novice DDEE)
  3508 | D:4      | Found a runed gate.
  3897 | D:4      | Found an ancient bone altar of Kikubaaqudgha.
  3909 | D:4      | Reached XP level 6. HP: 46/51 MP: 7/7
  4004 | D:4      | Found a roughly hewn altar of Beogh.
  4046 | Temple   | Entered the Ecumenical Temple
  4219 | Temple   | Became a worshipper of Warmaster Okawaru
  4298 | D:4      | Found a transporter.
  4301 | D:4      | Noticed a fire bat
  4301 | D:4      | Noticed a fire bat
  4309 | D:4      | Noticed a fire bat
  4411 | D:4      | Reached skill level 5 in Polearms
  4620 | D:4      | Found a transporter.
  4770 | D:5      | Entered Level 5 of the Dungeon
  4895 | D:5      | Found a sacrificial altar of Ru.
  5212 | D:5      | Noticed an ice beast
  5219 | D:5      | Reached XP level 7. HP: 25/57 MP: 8/8
  5323 | D:5      | Reached skill level 6 in Polearms
  5366 | D:5      | Reached skill level 1 in Armour
  6779 | D:6      | Reached * piety under Okawaru
  7058 | D:6      | Reached skill level 7 in Polearms
  7058 | D:6      | Reached XP level 8. HP: 39/63 MP: 9/9
  7481 | D:6      | Found Seacrimu's Book Boutique.
  7485 | D:6      | Found Kufesule's Weapon Shoppe.
  7491 | D:6      | Found Veatum's Distillery.
  8080 | D:6      | Found Voippol's Book Shoppe.
  8087 | D:6      | Found a deep blue altar of Sif Muna.
  8874 | D:7      | Reached skill level 8 in Polearms
  9345 | D:7      | Reached ** piety under Okawaru
  9385 | D:7      | Found a sparkling altar of Nemelex Xobeh.
  9431 | D:7      | Reached XP level 9. HP: 70/70 MP: 10/10
  9907 | D:7      | Noticed Dowan
  9909 | D:7      | Noticed Duvessa
  9996 | D:7      | Killed Duvessa
 10000 | D:7      | Killed Dowan
 10000 | D:7      | Reached skill level 5 in Armour
 10338 | D:7      | Found a shadowy altar of Dithmenos.
 10348 | D:7      | Found a burning altar of Makhleb.
 10448 | D:7      | Found a basalt altar of Yredelemnul.
 10751 | D:8      | Noticed Erica
 10761 | D:8      | Noticed Grum
 11668 | D:7      | Killed Erica
 11668 | D:7      | Reached *** piety under Okawaru
 11668 | D:7      | Reached skill level 9 in Polearms
 11668 | D:7      | Reached skill level 5 in Bows
 11788 | D:8      | Noticed Psyche
 11809 | D:7      | Reached skill level 5 in Fighting
 12148 | D:7      | Killed Psyche
 12148 | D:7      | Reached **** piety under Okawaru
 12148 | D:7      | Received a gift from Okawaru
 12148 | D:7      | Reached XP level 10. HP: 66/81 MP: 11/11
 12562 | D:7      | Found a sparkling altar of Nemelex Xobeh.
 12595 | D:7      | Found a basalt altar of Yredelemnul.
 12859 | D:7      | Found a shadowy altar of Dithmenos.
 12866 | D:7      | Found a burning altar of Makhleb.
 12956 | D:8      | Noticed Joseph
 13466 | D:8      | Noticed Prince Ribbit
 14616 | D:7      | Found a sparkling altar of Nemelex Xobeh.
 14654 | D:7      | Found a basalt altar of Yredelemnul.
 14718 | D:7      | Killed Grum
 15297 | D:7      | Found a shadowy altar of Dithmenos.
 15304 | D:7      | Found a burning altar of Makhleb.
 15441 | D:7      | HP: 6/123 [Prince Ribbit (11)]
 15445 | D:7      | Killed Prince Ribbit
 17251 | D:8      | Killed Joseph
 17251 | D:8      | Received a gift from Okawaru
 17425 | D:8      | Noticed a gargoyle
 17433 | D:8      | Killed a gargoyle
 17580 | D:8      | Reached skill level 10 in Polearms
 17919 | D:8      | Found a staircase to the Lair.
 18078 | D:9      | Found a glowing golden altar of the Shining One.
 18474 | D:9      | Noticed a cyclops
 18506 | D:9      | Got a sparkling lead ring
 18886 | D:8      | Identified the ring "Asosuam Olipp" {rF+ rN+ MR+ Str-5} (You found it on level 9 of the Dungeon)
 19043 | D:9      | Found Baumuet's Weapon Boutique.
 19049 | D:9      | Bought a +4 longbow of velocity for 287 gold pieces
 19232 | D:9      | Killed a cyclops
 19232 | D:9      | Received a gift from Okawaru
 19232 | D:9      | Reached ***** piety under Okawaru
 19232 | D:9      | Reached XP level 11. HP: 67/92 MP: 12/12
 19787 | D:4      | Killed lurker's ghost
 20292 | Lair:1   | Entered Level 1 of the Lair of Beasts
 21140 | D:8      | HP: 2/92 [spiny frog (19)]
 22109 | Lair:1   | Received a gift from Okawaru
 23029 | Lair:2   | Received a gift from Okawaru
 23029 | Lair:2   | Reached skill level 10 in Bows
 24219 | Lair:2   | Noticed a seven-headed hydra
 24223 | Lair:2   | Killed a seven-headed hydra
 24223 | Lair:2   | Reached skill level 11 in Polearms
 24256 | Lair:2   | Found a staircase to the Snake Pit.
 24319 | Lair:2   | Reached XP level 12. HP: 103/103 MP: 13/13
 24344 | Lair:2   | Noticed a seven-headed hydra
 24387 | Lair:2   | Killed a seven-headed hydra
 24556 | Lair:2   | Noticed Urug
 24666 | Lair:2   | Killed Urug
 24946 | Lair:2   | Learned a level 3 spell: Confuse
 24950 | Lair:2   | Learned a level 3 spell: Portal Projectile
 24954 | Lair:2   | Learned a level 3 spell: Tukima's Dance
 25217 | Lair:3   | Noticed a five-headed hydra
 25239 | Lair:3   | Killed a five-headed hydra
 26056 | Lair:3   | Noticed Gastronok
 26067 | Lair:3   | Killed Gastronok
 26067 | Lair:3   | Received a gift from Okawaru
 26660 | Lair:4   | Found a dark tunnel.
 26680 | Volcano  | Entered a volcano
 26829 | Volcano  | Noticed a two-headed ogre
 26829 | Volcano  | Noticed a two-headed ogre
 26837 | Volcano  | Received a gift from Okawaru
 26850 | Volcano  | Killed a two-headed ogre
 26853 | Volcano  | Killed a two-headed ogre
 26853 | Volcano  | Reached ****** piety under Okawaru
 27048 | Volcano  | Received a gift from Okawaru
 27048 | Volcano  | Reached skill level 10 in Fighting
 27529 | Volcano  | Noticed a two-headed ogre
 27559 | Volcano  | Killed a two-headed ogre
 27559 | Volcano  | Received a gift from Okawaru
 27595 | Volcano  | Reached XP level 13. HP: 113/113 MP: 14/14
 27686 | Volcano  | Noticed a fire dragon
 27753 | Volcano  | Killed a fire dragon
 27753 | Volcano  | Reached skill level 12 in Polearms
 29849 | Lair:4   | Found a staircase to the Swamp.
 29976 | Lair:4   | Received a gift from Okawaru
 30731 | Lair:5   | Found a staircase to the Slime Pits.
 31139 | Lair:5   | You fall through a shaft!
 31139 | Lair:6   | Entered Level 6 of the Lair of Beasts
 32650 | Lair:6   | Received a gift from Okawaru
 32671 | Lair:6   | Reached skill level 5 in Hexes
 32708 | Lair:6   | Received a gift from Okawaru
 32954 | Lair:5   | Received a gift from Okawaru
 33467 | Lair:6   | Received a gift from Okawaru
 33591 | Lair:6   | Reached XP level 14. HP: 124/124 MP: 15/15
 33829 | Lair:6   | Got a polished ring mail
 33840 | Lair:6   | Identified the +4 ring mail "Heimakk" {-Tele rC- rCorr Str+8} (You found it on level 6 of the Lair of Beasts)
 34169 | D:6      | Bought the +8 trident of the Octopus King {venom, rElec rPois MR+} for 816 gold pieces
 34169 | D:6      | Found the +8 trident of the Octopus King {venom, rElec rPois MR+}
 34304 | D:10     | Entered Level 10 of the Dungeon
 34464 | D:10     | Noticed Erolcha
 34470 | D:10     | Killed Erolcha
 34737 | D:10     | Found Archirch's Distillery.
 35115 | D:11     | Found a labyrinth entrance.
 35123 | Lab      | Entered a labyrinth
 35225 | Lab      | Got a wavering jade ring
 35230 | Lab      | Identified the ring of Liberty {Fire rPois MR- SInv} (You found it in a labyrinth)
 35233 | Lab      | Got a faintly glowing triple sword
 35234 | Lab      | Identified the +3 triple sword "Xav Uvi" {holy, *Noise +Fly rPois rF+} (You found it in a labyrinth)
 35288 | D:11     | Reached XP level 15. HP: 92/130 MP: 16/16
 35436 | D:11     | Received a gift from Okawaru
 35485 | D:11     | Reached skill level 15 in Bows
 35628 | D:11     | Received a gift from Okawaru
 35718 | D:11     | Found a shimmering altar of Xom.
 35719 | D:11     | Found the +7 mace of Variability {chain chaos}
 36266 | D:11     | Found a staircase to the Orcish Mines.
 36401 | D:11     | Received a gift from Okawaru
 37244 | D:12     | Received a gift from Okawaru
 38759 | D:13     | Received a gift from Okawaru
 39111 | D:14     | Reached skill level 13 in Polearms
 39125 | D:14     | Received a gift from Okawaru
 39129 | D:14     | Found a gate to the Vaults.
 39168 | D:14     | Found a flickering gateway to a bazaar.
 39175 | Bazaar   | Entered a bazaar
 39175 | Bazaar   | Found Waongu's Armour Shoppe.
 39240 | Bazaar   | Found Gubiokhlaniu's Antique Armour Emporium.
 39247 | Bazaar   | Found Veracija's Assorted Antiques.
 39257 | Bazaar   | Found Plog's Book Boutique.
 39295 | Bazaar   | Found Uxeuma's Gadget Shop.
 39335 | Bazaar   | Bought a potion of haste for 180 gold pieces
 39335 | Bazaar   | Bought a scroll labeled UPAENA SIVUDUY for 18 gold pieces
 39716 | D:14     | Found Zaareoto's Jewellery Boutique.
 40114 | D:14     | Found Xasu's Armour Shoppe.
 40131 | D:14     | Bought a +0 pair of gloves of strength for 138 gold pieces
 40451 | D:14     | Found Gyekkyh's Assorted Antiques.
 40681 | D:14     | Reached XP level 16. HP: 117/141 MP: 17/17
 41085 | D:15     | Entered Level 15 of the Dungeon
 41297 | D:15     | Reached skill level 14 in Polearms
 41576 | D:15     | Found a staircase to the Depths.
 41598 | D:15     | Received a gift from Okawaru
 41745 | D:15     | Noticed a storm dragon
 41803 | D:15     | Killed a storm dragon
 41803 | D:15     | Received a gift from Okawaru
 42403 | D:15     | Found an opulent altar of Gozag.
 42594 | Orc:1    | Entered Level 1 of the Orcish Mines
 43249 | Orc:2    | Entered Level 2 of the Orcish Mines
 43377 | Orc:2    | Found a roughly hewn altar of Beogh.
 43380 | Orc:2    | Reached skill level 1 in Invocations
 43421 | Orc:2    | Found a roughly hewn altar of Beogh.
 43448 | Orc:2    | Found Hoygreg's Food Shoppe.
 43470 | Orc:2    | Found a staircase to the Elven Halls.
 43684 | Orc:2    | Found a roughly hewn altar of Beogh.
 43866 | Orc:2    | Found a roughly hewn altar of Beogh.
 43867 | Orc:2    | Found Yraeq's Jewellery Boutique.
 44163 | Orc:2    | Noticed Saint Roka
 44188 | Orc:2    | Paralysed by an orc sorcerer for 7 turns
 44288 | Orc:2    | Killed Saint Roka
 44520 | Orc:2    | Found Ipsofik's Antique Armour Shoppe.
 44522 | Orc:2    | Found a roughly hewn altar of Beogh.
 44528 | Orc:2    | Found Leor's Antique Weapon Emporium.
 44804 | Swamp:1  | Entered Level 1 of the Swamp
 44887 | Swamp:1  | Found a runed door.
 44889 | Swamp:1  | Noticed sking99's ghost (journeyman TrMo)
 45419 | Swamp:1  | Learned a level 2 spell: Blink
 45421 | Swamp:1  | Learned a level 1 spell: Animate Skeleton
 45938 | Swamp:1  | Reached skill level 1 in Translocations
 46083 | Swamp:1  | Killed sking99's ghost
 46288 | Swamp:2  | Received a gift from Okawaru
 46298 | Swamp:2  | Identified the +9 chain mail "Yjemyaxe" {Str+3} (Okawaru gifted it to you on level 2 of the Swamp)
 46407 | Swamp:2  | Noticed Louise
 46633 | Swamp:2  | Killed Louise
 46633 | Swamp:2  | Reached XP level 17. HP: 108/152 MP: 13/20
 47317 | Swamp:2  | Reached skill level 5 in Invocations
 48934 | Swamp:4  | Entered Level 4 of the Swamp
 49042 | Swamp:4  | Found a frozen archway.
 49072 | IceCv    | Entered an ice cave
 49719 | Swamp:4  | Found a transporter.
 49738 | Swamp:4  | Noticed Monsterracer's ghost (adept DrWn)
 49746 | Swamp:4  | Found a transporter.
 49896 | Swamp:4  | Received a gift from Okawaru
 50544 | Swamp:4  | Got a decaying rune of Zot
 50625 | Swamp:4  | Received a gift from Okawaru
 50902 | Swamp:4  | Reached skill level 10 in Armour
 51127 | Swamp:4  | Killed Monsterracer's ghost
 51269 | Swamp:4  | Got a transparent glass ring
 51276 | Swamp:4  | Identified the ring "Qihaunn" {rF- rN+++ Int+6 Dex+2 Slay-5} (You found it on level 4 of the Swamp)
 51568 | Snake:1  | Entered Level 1 of the Snake Pit
 51580 | Snake:1  | Noticed Nikola
 51600 | Snake:1  | Killed Nikola
 51600 | Snake:1  | Reached skill level 5 in Translocations
 51702 | Snake:1  | Found a shimmering altar of Xom.
 52582 | Snake:1  | Noticed Kirke
 52599 | Snake:1  | Killed Kirke
 52599 | Snake:1  | Reached XP level 18. HP: 131/161 MP: 22/22
 52751 | Snake:1  | Found Dekkakk's Gadget Shoppe.
 52751 | Snake:1  | Found Boikh's Jewellery Boutique.
 52751 | Snake:1  | Noticed Aizul
 52753 | Snake:1  | Found Bidecvue's Gadget Shoppe.
 52787 | Snake:1  | Killed Aizul
 53043 | Snake:1  | Bought the amulet of Atheism {Reflect Int+2 Slay+2 SH+2 Stlth+} for 568 gold pieces
 53685 | Snake:2  | Found Inla's Antique Weapon Emporium.
 53918 | Snake:2  | Received a gift from Okawaru
 54183 | Snake:2  | Received a gift from Okawaru
 54570 | Snake:2  | Received a gift from Okawaru
 54848 | Snake:2  | Received a gift from Okawaru
 55698 | Snake:2  | Noticed Frances
 55710 | Snake:2  | Killed Frances
 56079 | Snake:2  | Reached skill level 10 in Dodging
 57626 | Snake:4  | Entered Level 4 of the Snake Pit
 58871 | Snake:4  | Noticed Agnes
 58878 | Snake:4  | Killed Agnes
 58878 | Snake:4  | Reached skill level 5 in Spellcasting
 59042 | Snake:4  | Received a gift from Okawaru
 59520 | Snake:4  | Reached XP level 19. HP: 168/168 MP: 28/28
 59801 | Snake:4  | Found Ydwi's Distillery.
 59801 | Snake:4  | Found Paxoich's General Store.
 59814 | Snake:4  | Bought a scroll of teleportation for 30 gold pieces
 59814 | Snake:4  | Bought a scroll of fog for 20 gold pieces
 59814 | Snake:4  | Bought a scroll of blinking for 75 gold pieces
 60812 | Snake:4  | Reached skill level 15 in Fighting
 61029 | Snake:4  | Got a serpentine rune of Zot
 61431 | Vaults:1 | Entered Level 1 of the Vaults
 62427 | Vaults:1 | Identified the Catalogue of Contamination
 62643 | Vaults:1 | Found a runed gate.
 62644 | Vaults:1 | Found a runed gate.
 62644 | Vaults:1 | Found an opulent altar of Gozag.
 62645 | Vaults:1 | Found a runed gate.
 62647 | Vaults:1 | Found Raizikyl's Assorted Antiques.
 62647 | Vaults:1 | Noticed a lich
 62647 | Vaults:1 | Noticed Kotimufi's ghost (adept OpHu)
 62648 | Vaults:1 | Found Bekempag's Assorted Antiques.
 62752 | Vaults:1 | Received a gift from Okawaru
 63382 | Vaults:1 | Identified the Disquisition on the Mountains
 63771 | Vaults:1 | Received a gift from Okawaru
 64450 | Vaults:1 | Killed a lich
 64746 | Vaults:1 | Killed Kotimufi's ghost
 64746 | Vaults:1 | Reached skill level 15 in Polearms
 66103 | Vaults:2 | Reached XP level 20. HP: 174/182 MP: 30/30
 66344 | Vaults:2 | Found a roughly hewn altar of Beogh.
 66574 | Vaults:2 | Received a gift from Okawaru
 66624 | Vaults:2 | Got a bloodstained halberd {god gift}
 66625 | Vaults:2 | Identified the +4 halberd "Fefib" {chop, Str+4} (Okawaru gifted it to you on level 2 of the Vaults)
 67342 | Vaults:2 | Found a staircase to the Crypt.
 68106 | Vaults:3 | Found Fatitoom's Distillery.
 68115 | Vaults:3 | Bought a potion of heal wounds for 65 gold pieces
 68425 | Vaults:3 | Received a gift from Okawaru
 69468 | Vaults:3 | Found a basalt altar of Yredelemnul.
 69558 | Vaults:3 | Received a gift from Okawaru
 70018 | Vaults:4 | Found Sioc's Gadget Boutique.
 70045 | Vaults:4 | Received a gift from Okawaru
 70536 | Vaults:4 | Received a gift from Okawaru
 70810 | Vaults:4 | Received a gift from Okawaru
 70946 | Vaults:4 | Reached XP level 21. HP: 173/193 MP: 31/31
 71876 | Vaults:4 | Noticed Boris
 71892 | Vaults:4 | Killed Boris
 72776 | Elf:1    | Entered Level 1 of the Elven Halls
 73064 | Elf:1    | Received a gift from Okawaru
 73075 | Elf:1    | Found a portal to a secret trove of treasure.
 74228 | Elf:2    | Found a runed gate.
 74228 | Elf:2    | Found a runed gate.
 74229 | Elf:2    | Found a runed gate.
 74572 | Elf:2    | Found a bloodstained altar of Trog.
 75321 | Elf:2    | Reached skill level 16 in Polearms
 75512 | Elf:2    | Received a gift from Okawaru
 75566 | Elf:2    | Noticed Donald
 75616 | Elf:2    | Killed Donald
 75948 | Elf:2    | Received a gift from Okawaru
 75951 | Elf:2    | Got a twisted chain mail {god gift}
 75963 | Elf:2    | Identified the +1 chain mail "Keegoroi" {+Inv} (Okawaru gifted it to you on level 2 of the Elven Halls)
 76384 | Elf:3    | Entered Level 3 of the Elven Halls
 76470 | Elf:3    | Noticed Ino Riwk's ghost (adept GnIE)
 76491 | Elf:3    | Found a runed gate.
 76491 | Elf:3    | Found a runed gate.
 76491 | Elf:3    | Found a runed gate.
 76802 | Elf:3    | Killed Ino Riwk's ghost
 77234 | Elf:3    | Reached XP level 22. HP: 158/204 MP: 32/32
 78284 | Elf:3    | Found Ditrigot's Antique Armour Boutique.
 78367 | Elf:3    | Reached skill level 17 in Polearms
 78471 | Elf:3    | Identified the ring "Restrysou" {*Tele +Fly rElec MR+} (You took it off a deep elf demonologist on level 3 of the Elven Halls)
 78563 | Elf:3    | Received a gift from Okawaru
 78726 | Elf:3    | Identified the +7 ring mail of Fedhas's Supremacy {rElec rF- Str-5 Dex+8} (You took it off a deep elf blademaster on level 3 of the Elven Halls)
 79054 | Elf:3    | Received a gift from Okawaru
 79338 | Elf:3    | Identified the cursed +3 glaive "Kuluk" {flame, rC+} (You took it off a deep elf sorcerer on level 3 of the Elven Halls)
 79449 | Elf:3    | Identified the Guide on the Compass and Calling
 79503 | Elf:3    | Identified the Handbook of Unstable Cold
 79846 | Depths:1 | Entered Level 1 of the Depths
 79897 | Depths:1 | Found Mekh's Antique Armour Shop.
 79979 | Depths:1 | Found a shimmering altar of Xom.
 79996 | Depths:1 | Noticed Jorgrun
 80003 | Depths:1 | Found Pogaudiu's Book Shoppe.
 80026 | Depths:1 | Killed Jorgrun
 80026 | Depths:1 | Received a gift from Okawaru
 80298 | Depths:1 | Found a gateway to Hell.
 80676 | Depths:1 | Found a one-way gate to the infinite horrors of the Abyss.
 80692 | Depths:1 | Cast into level 4 of the Abyss (a lich)
 81225 | Abyss:4  | Reached skill level 18 in Polearms
 81317 | Abyss:4  | Received a gift from Okawaru
 81410 | Depths:1 | Escaped the Abyss
 81623 | Depths:1 | Found Qiry Yta's Antique Armour Emporium.
 81740 | Depths:2 | Found a runed door.
 82452 | Depths:2 | Identified the ring "Ekumuommia" {MR+ Stlth+} (You took it off a centaur warrior on level 2 of the Depths)
 82631 | Depths:2 | Found a gateway to a ziggurat.
 82685 | Depths:2 | Received a gift from Okawaru
 82923 | Depths:2 | Identified the +2 scale mail of Alui {rC+ Str+3} (You found it on level 2 of the Depths)
 83012 | Depths:2 | Identified the +3 scale mail "Liloal" {rPois Dex+2 Slay+3} (You found it on level 2 of the Depths)
 83056 | Depths:2 | Reached XP level 23. HP: 215/215 MP: 33/33
 83434 | Depths:2 | Received a gift from Okawaru
 83581 | Depths:1 | Bought bronze pearl dragon scales for 3726 gold pieces
 83583 | Depths:1 | Identified the +1 pearl dragon scales of Kalac {*Drain rElec rN+ Str+6} (You bought it in a shop on level 1 of the Depths)
 83677 | Depths:2 | Reached skill level 19 in Polearms
 83687 | Depths:2 | Received a gift from Okawaru
 83700 | Depths:2 | Got a faintly humming hat {god gift}
 83893 | Depths:2 | Identified the +2 hat "Murchily" {Str+2} (Okawaru gifted it to you on level 2 of the Depths)
 84439 | Depths:2 | Noticed a juggernaut
 84448 | Depths:2 | Killed a juggernaut
 84604 | Depths:2 | Noticed an ancient lich
 84618 | Depths:2 | Killed an ancient lich
 84959 | Depths:2 | Got a slimy brass ring
 85088 | Depths:2 | Found a runed door.
 85092 | Depths:2 | Found a runed door.
 85106 | Depths:2 | Found a runed door.
 85130 | Depths:2 | Reached skill level 20 in Polearms
 85223 | Depths:2 | Found a sparkling altar of Nemelex Xobeh.
 85224 | Depths:2 | Found a shimmering altar of Xom.
 85234 | Depths:2 | Found an iron altar of Okawaru.
 85234 | Depths:2 | Found a burning altar of Makhleb.
 85536 | Depths:2 | Got a clouded glass ring
 85664 | Depths:2 | Noticed a juggernaut
 85664 | Depths:2 | Noticed a caustic shrike
 85674 | Depths:2 | Killed a caustic shrike
 85674 | Depths:2 | Received a gift from Okawaru
 85688 | Depths:2 | Killed a juggernaut
 85723 | Depths:2 | Identified the ring of the Invisible Realms {+Blink SInv} (You found it on level 2 of the Depths)
 85735 | Depths:2 | Identified the ring "Cityzoq" {rPois Str+6 Slay+3} (You took it off a spriggan defender on level 2 of the Depths)
 85765 | Depths:2 | Found a blossoming altar of Fedhas.
 86305 | Depths:2 | Got a wavering wooden ring
 86307 | Depths:2 | Identified the ring "Ithraf" {-Tele rPois Str+6} (You found it on level 2 of the Depths)
 86311 | Depths:2 | Got a crude chain mail
 86325 | Depths:2 | Identified the +7 chain mail of Polish {rF+++ Regen+ Str-4} (You found it on level 2 of the Depths)
 86343 | Depths:2 | Got a faintly glowing demon whip
 86344 | Depths:2 | Identified the +5 demon whip "Livemuk" {venom, +Rage Str+4 Dex-3 Stlth+} (You found it on level 2 of the Depths)
 86349 | Depths:2 | Learned a level 1 spell: Summon Butterflies
 86900 | Depths:2 | Got a scintillating bone ring
 86904 | Depths:2 | Identified the ring "Iceckool" {EV+4 Int+2} (You took it off a yaktaur on level 2 of the Depths)
 86966 | Depths:2 | Reached skill level 21 in Polearms
 86984 | Depths:2 | Received a gift from Okawaru
 88210 | Depths:3 | Received a gift from Okawaru
 88377 | Depths:3 | Found an iron altar of Okawaru.
 88423 | Depths:3 | Found Voaliem's Antique Weapon Shop.
 88427 | Depths:3 | Found Moippal's Food Boutique.
 88428 | Depths:3 | Found Udekleh's General Store.
 88451 | Depths:3 | Reached XP level 24. HP: 224/224 MP: 33/33
 89120 | Depths:3 | Found a one-way gate leading to the halls of Pandemonium.
 90015 | Depths:3 | Received a gift from Okawaru
 90015 | Depths:3 | Reached skill level 22 in Polearms
 90151 | Depths:3 | Found a radiant altar of Vehumet.
 90151 | Depths:3 | Noticed Frederick
 90175 | Depths:3 | Killed Frederick
 90435 | Depths:3 | Received a gift from Okawaru
 91476 | Depths:3 | Got an ichor-stained halberd
 91478 | Depths:3 | Identified the +7 halberd of Moderation {chop, rN+} (You found it on level 3 of the Depths)
 91481 | Depths:3 | Got a vibrating copper ring
 91483 | Depths:3 | Identified the ring of Kuqem {rCorr rPois MR+} (You found it on level 3 of the Depths)
 91939 | Depths:4 | Paralysed by a floating eye for 4 turns
 92306 | Depths:4 | Noticed a juggernaut
 92689 | Depths:3 | Killed a juggernaut
 92878 | Depths:4 | Noticed a juggernaut
 92900 | Depths:4 | Killed a juggernaut
 94240 | Depths:4 | Got a scintillating steel ring
 94252 | Depths:4 | Got a pair of translucent gloves
 94307 | Depths:4 | Identified the +2 pair of gloves of Fott {Str+4 Int+4 Stlth-} (You found it on level 4 of the Depths)
 95290 | Depths:4 | Received a gift from Okawaru
 95431 | Depths:5 | Entered Level 5 of the Depths
 95538 | Depths:5 | Paralysed by a sphinx for 6 turns
 95984 | Depths:5 | Noticed Sojobo
 96151 | Depths:5 | Reached XP level 25. HP: 136/231 MP: 33/33
 96550 | Depths:5 | Received a gift from Okawaru
 97173 | Depths:4 | Received a gift from Okawaru
 97173 | Depths:4 | Reached skill level 15 in Armour
 97701 | Depths:5 | Reached skill level 10 in Invocations
 97834 | Depths:4 | Received a gift from Okawaru
 97837 | Depths:4 | Got a translucent centaur barding {god gift}
 97850 | Depths:4 | Identified the +2 centaur barding of the Last Beds {-Cast rElec rCorr Slay+2} (Okawaru gifted it to you on level 4 of the Depths)
 98222 | Depths:5 | Killed Sojobo
 99165 | Depths:5 | HP: 6/231 [acid (15)]
 99541 | Depths:4 | Upgraded the game from 0.22-a0-803-gd6d8abe to 0.22-a0-858-g985ef60
 99839 | Depths:5 | Found a gate to the Realm of Zot.
100255 | Depths:4 | Voluntarily entered the Abyss.
100298 | Abyss:1  | Reached skill level 1 in Summonings
100570 | Abyss:3  | Gained mutation: Your spells are a little easier to cast, but a little less powerful. [a neqoxec]
100571 | Abyss:3  | Gained mutation: Your magical capacity is low. (-10% MP) [a neqoxec]
100572 | Abyss:3  | Gained mutation: Your spells are easier to cast, but less powerful. [a neqoxec]
100807 | Abyss:3  | Learned a level 6 spell: Shadow Creatures
100864 | Abyss:3  | Reached skill level 5 in Summonings
100881 | Abyss:3  | Identified the ring "Paocigrusch" {rC+++ MR- Dex+6 Stlth-} (You took it off a centaur warrior on level 4 of the Depths)
100963 | Abyss:3  | Received a gift from Okawaru
101218 | Abyss:3  | Received a gift from Okawaru
101223 | Abyss:3  | Reached XP level 26. HP: 163/239 MP: 26/30
101243 | Abyss:3  | Identified the +0 centaur barding of Hangman {+Inv Dex+3} (Okawaru gifted it to you on level 3 of the Abyss)
101271 | Abyss:3  | Got an abyssal rune of Zot
101342 | Depths:4 | Escaped the Abyss
101933 | D:9      | Fell from the grace of Okawaru
101933 | D:9      | Became a worshipper of the Shining One
102123 | Crypt:1  | Entered Level 1 of the Crypt
102156 | Crypt:1  | Reached * piety under the Shining One
102219 | Crypt:1  | Noticed Mennas
103011 | Hell     | Entered the Vestibule of Hell
103011 | Hell     | Noticed Geryon
103011 | Hell     | Reached ** piety under the Shining One
103314 | Hell     | Noticed Murray
103323 | Hell     | Reached *** piety under the Shining One
103614 | Depths:1 | Killed Murray
104343 | Depths:1 | Reached skill level 10 in Summonings
104529 | Depths:1 | Reached **** piety under the Shining One
104603 | Hell     | Killed Geryon
105116 | Hell     | Found a gateway to the freezing wastes of Cocytus.
105168 | Hell     | Found a gateway to the Iron City of Dis.
105231 | Hell     | Reached ***** piety under the Shining One
105243 | Hell     | Found a gateway to the ashen valley of Gehenna.
105343 | Hell     | Found a gateway to the decaying netherworld of Tartarus.
105580 | Zot:1    | Entered Level 1 of the Realm of Zot
106988 | Zot:1    | Cast into level 5 of the Abyss (the power of Zot)
106988 | Abyss:5  | Entered Level 5 of the Abyss
107045 | Zot:1    | Escaped the Abyss
107181 | Zot:1    | HP: 9/239 [titan[the fury of Okawaru] (22)]
107182 | Zot:1    | HP: 4/239 [titan[the fury of Okawaru] (21)]
107182 | Zot:1    | The Shining One protects you from harm!
107207 | Zot:1    | HP: 11/239 [titan/bolt of lightning[the fury of Okawaru] (4)]
107210 | Zot:1    | HP: 4/239 [titan/bolt of lightning[the fury of Okawaru] (8)]
111186 | Zot:2    | Reached ****** piety under the Shining One
111256 | Zot:2    | Reached XP level 27. HP: 243/246 MP: 30/30
113510 | Zot:3    | Found a transporter.
113512 | Zot:3    | Noticed an ancient lich
113526 | Zot:3    | Noticed Izxoet's ghost (legendary NaFi)
113571 | Zot:3    | HP: 12/246 [poison (poison gas)]
113577 | Zot:2    | HP: 12/246 [poison (poison gas)]
114494 | Zot:2    | Reached skill level 15 in Invocations
115420 | Zot:1    | HP: 5/245 [frost giant/bolt of cold[the fury of Okawaru] (25)]
117396 | Crypt:1  | Found a transporter.
118069 | Crypt:1  | Found a transporter.
118733 | Crypt:1  | Cast into level 5 of the Abyss (the power of Zot)
118733 | Abyss:5  | Entered Level 5 of the Abyss
118735 | Abyss:5  | Found a deep blue altar of Sif Muna.
118735 | Abyss:5  | Found a corrupted altar of Lugonu.
118773 | Crypt:1  | Escaped the Abyss
118828 | Crypt:1  | Learned a level 1 spell: Apportation
118847 | Crypt:1  | Identified the ring "Laiwk" {+Fly MP+9 Str+5} (You found it on level 1 of the Crypt)
118876 | Crypt:1  | Identified the amulet of Aweq {RegenMP rPois} (You found it on level 1 of the Crypt)
119205 | Crypt:2  | Noticed a greater mummy
119278 | Crypt:2  | Noticed Jory
119307 | Crypt:2  | Killed Jory
119317 | Crypt:2  | Found a magical portal.
119383 | WizLab   | Entered The Hall of the Hellbinder
119703 | WizLab   | Identified a +9 longbow of holy wrath (a +7 longbow of flaming blessed by the Shining One)
119703 | WizLab   | Received a gift from the Shining One
119767 | WizLab   | Reached skill level 15 in Summonings
120063 | WizLab   | Found a burning altar of Makhleb.
120070 | WizLab   | HP: 10/246 [fire giant/great sword of flaming[the fury of Okawaru] (10)]
120070 | WizLab   | HP: 3/246 [hell beast (5)]
120073 | WizLab   | Slain by a frost giant

Vault maps used:
D:1:      evilmike_arrival_plus, hangedman_decor_points, wad_floor_pattern_2
D:2:      grunt_temple_overflow_forces_of_nature, yredelemnul_altar_generic
D:3:      marbit_many_paths, ashenzari_altar_1
D:4:      gammafunk_cloud_chamber, kennysheep_vampire_church,
          minmay_temple_entry_statues_pillars, biasface_ghost_orc_armoury
D:5:      kennysheep_mini_moat, serial_bayou, serial_bayou_pond_a,
          serial_bayou_pond_e, serial_bayou_ford_a, serial_bayou_shore_a,
          serial_bayou_lagoon_a, serial_bayou_pond_a, first_ration,
          kennysheep_generic_room_3
D:6:      led_sif_book, serial_shops, nicolae_shop_behind_doors, shop,
          nicolae_shop_behind_doors, nicolae_shop_window_shopping
D:7:      lemuel_coloured_pillars_altar, kennysheep_mini, minitemple,
          the_bakery, uniq_duvessa
D:8:      grunt_lair_entry_orc_guard_hut, uniq_joseph, uniq_grum, uniq_erica,
          uniq_prince_ribbit1, uniq_psyche
D:9:      nicolae_tso_besieged_by_evil, serial_shops, shop,
          minmay_misc_feat_hallway, lightli_minifort
D:10:     serial_shops, kennysheep_little_box, st_stairs_14, uniq_erolcha
D:11:     kennysheep_orc_monster_closet_entryway, lab_entry_generic,
          minmay_guarded_unrand_variability
D:14:     erik_vaults_1, serial_shops, bzr_entry_safe, shop_coins, shop, shop,
          serial_park_tiny_2, wad_floor_pattern_untrapped, minmay_rotating_lava
D:15:     grunt_enter_depths_magical_seal,
          nicolae_gozag_cash_rules_everything_around_me, dispersion_dpeg
Temple:   eino_wide_crystal_templ
Lair:1:   st_stairs_3
Lair:2:   guppyfry_snake_entry_garden, uniq_urug
Lair:3:   serial_bayou_lake_a, uniq_gastronok
Lair:4:   nicolae_swamp_entry_splash_gauntlet, nicolae_volcano_entry_lava_flow,
          infiniplex_staircase_pool, grunt_megastairs_3
Lair:5:   nicolae_slime_entry_slimehenge, lemuel_fruit_tree,
          infiniplex_staircase_pool_2
Lair:6:   evilmike_catoblepas_cave, grunt_megastairs_4
Swamp:1:  ebering_ghost_funeral_grove, evilmike_swamp_ruin_house_6
Swamp:2:  evilmike_swamp_ruin_house_4, uniq_louise
Swamp:3:  hangedman_swamp_ruin_wall
Swamp:4:  swamp_alternative, gammafunk_ghost_arena,
          portal_ice_cave_entry_pillars_1
Snake:1:  basic_altar, grunt_megastairs_2, minmay_shop_grove, uniq_nikola,
          uniq_aizul, uniq_kirke
Snake:2:  nicolae_cobra_stairs, serial_shops, shop, basic_stair_grate_trap,
          uniq_frances
Snake:3:  library_closet
Snake:4:  grunt_snake_rune_pools, minmay_shoptagon, uniq_agnes
Orc:1:    serial_shops
Orc:2:    grunt_orc_community_town_hall, grunt_orc_community_big_house_2,
          grunt_orc_community_big_house_1, grunt_orc_community_house_1,
          grunt_orc_community_house_2, grunt_orc_community_house_2,
          grunt_orc_community_house_3
Elf:1:    eino_elf_arrival_shootout, nicolae_trove_entry_crossroad,
          minmay_elf_crystal_hexagon
Elf:2:    evilmike_spriggan_trog_shrine, uniq_donald
Elf:3:    elf_hall, serial_shops, nicolae_shop_stone, gammafunk_ghost_split,
          stair_cage_line, grunt_megastairs_5
Vaults:1: ebering_vaults_ghost_gozag, vaults_mumra_bighexcomb,
          hangedman_vaults_nails, nicolae_vaults_little_squares_5,
          vaults_standard_mumra_lines, vaults_room_hallway, v_misc_26,
          nicolae_vaults_three_branches, vaults_dpeg_cross, v_rooms_6,
          nicolae_vaults_alarming, serial_hangedman_research,
          hangedman_research_geology, hangedman_research_toxicology
Vaults:2: v_misc_17, ontoclasm_vaults_spin, hangedman_vaults_trim,
          hangedman_vaults_unwind, nicolae_vaults_sealed_display,
          minmay_crypt_entry_simple_round, hangedman_vaults_nails,
          hangedman_vaults_stretched_pinwheel, hangedman_vaults_snaps,
          special_room_vaults, ontoclasm_vaults_idyll, vaults_dpeg_diagonal
Vaults:3: ontoclasm_vaults_ring_small, grunt_vaults_swirl,
          hangedman_vaults_corner_blocks, hangedman_vaults_stitches,
          hangedman_vaults_maws, v_misc_16, v_misc_26, basic_altar,
          serial_shops, shop
Vaults:4: nicolae_vaults_little_squares_1, vaults_room_glass_cross, v_misc_22,
          nicolae_vaults_bisected_slash, dpeg_vaults_monster_box,
          ontoclasm_vaults_ring_square, ontoclasm_vaults_pinch, v_misc_24,
          v_misc_16, nicolae_vaults_border_crossing, vaults_dpeg_ring,
          ontoclasm_vaults_twist, nicolae_vaults_little_squares_6, serial_shops,
          shop_statue, uniq_boris
Crypt:1:  gammafunk_its_a_trap, st_stairs_12, grunt_crypt_arrival_split,
          uniq_mennas
Crypt:2:  mu_enter_wizlab_7, st_stairs_10, uniq_khufu, uniq_margery, uniq_jory
Depths:1: abyss_entry, grunt_mini_vestibule, serial_shops, shop,
          nicolae_shop_behind_doors, nicolae_shop_behind_doors,
          solitary_fountain, xom_teletrap_fun, uniq_jorgrun
Depths:2: minmay_the_grid_ultimate, hell_entry, serial_shops
Depths:3: evilmike_halls_of_destruction, okawaru_ov_weapons_minmay, pan_entry,
          hell_entry, kennysheep_generic_room_11, infiniplex_staircase_spiral,
          serial_bayou_shore_b, minmay_shop_star
Depths:4: minmay_heptahexagon, minmay_misc_feat_tiny, abyss_entry,
          grunt_hell_entry_dis_grunt, infiniplex_staircase_x,
          serial_bayou_shore_b
Depths:5: grunt_zot_entry_alcove, hangedman_abyss_or_decor_stagger, hell_entry,
          grunt_ministairs_13, uniq_sojobo
Zot:1:    lemuel_halls_of_wrath
Zot:2:    nicolae_moth_party
Zot:3:    gammafunk_ghost_mausoleum
Abyss:2:  hangedman_abyss_or_decor_jellyfish_corner
Abyss:3:  minivault_27, evilmike_abyss_exit_17
Abyss:4:  evilmike_abyss_exit_14, minivault_1, hangedman_abyss_or_decor_passed,
          evilmike_abyss_exit_smiterflies
Abyss:5:  evilmike_abyss_exit_glass, bh_abyss_exit_spiral, bh_abyss_exit_spiral,
          minivault_19, hangedman_shadowy_showcase
Lab:      lab_hedge, nicolae_lab_do_over, lab_block, nicolae_lab_grate,
          lab_statue, nicolae_lab_arrow, nicolae_lab_flowing_pool,
          labyrinth_skeletal_remains
Bazaar:   bazaar_kb_twisted_cavern
IceCv:    ice_cave_small_demon
Volcano:  pf_volcano_lost_world
WizLab:   wizlab_demon

Skill      XL: |  1  2  3  4  5  6  7  8  9 10 11 12 13 14 15 16 17 18 19 20 21 22 23 24 25 26 27 |
---------------+----------------------------------------------------------------------------------+-----
Fighting       | 2 3 5 7 8 10 11 12 14 16 17 18 20 | 20.0
Polearms       | 1 3 4 5 7 8 9 10 11 12 13 14 15 16 18 21 22 | 22.0
Armour         | 2 4 5 6 7 8 9 10 11 12 14 16 | 16.0
Bows           | 5 8 10 12 13 14 20 21 | 21.0
Dodging        | 3 6 7 9 10 11 12 | 12.0
Hexes          | 5 6 7 9 |  9.0
Invocations    | 4 6 7 11 13 15 | 15.9
Translocations | 1 5 8 |  8.0
Spellcasting   | 6 7 9 |  9.8
Summonings     | 7 13 15 | 15.1

Action                   |  1- 3 |  4- 6 |  7- 9 | 10-12 | 13-15 | 16-18 | 19-21 | 22-24 | 25-27 || total
-------------------------+-------+-------+-------+-------+-------+-------+-------+-------+-------++-------
Melee: Unarmed           |    72 |       |       |       |       |       |       |       |       ||    72
       Kick              |    25 |    44 |    33 |    94 |   112 |   347 |   204 |   426 |   347 ||  1632
       Spear             |    31 |   319 |       |       |       |       |       |       |       ||   350
       Halberd           |       |    10 |   277 |   565 |    28 |       |       |       |       ||   880
       Shortbow          |       |       |       |     1 |       |       |       |       |       ||     1
       Glaive            |       |       |       |       |   212 |    36 |       |       |       ||   248
       Trident           |       |       |       |       |   313 |  1445 |   853 |   886 |       ||  3497
       Bardiche          |       |       |       |       |       |    27 |       |   428 |  1189 ||  1644
       Punch             |       |       |       |       |       |       |       |     4 |       ||     4
 Fire: Shortbow          |    14 |    26 |   190 |   159 |       |       |       |       |       ||   389
       Longbow           |       |       |       |   300 |   674 |  1004 |  1680 |   911 |  1405 ||  5974
 Cast: Corona            |     3 |       |    11 |     2 |       |       |       |       |       ||    16
       Confuse           |       |       |       |       |     5 |     1 |     5 |       |       ||    11
       Portal Projectile |       |       |       |       |       |    11 |    24 |    10 |    15 ||    60
       Shadow Creatures  |       |       |       |       |       |       |       |       |    18 ||    18
       Blink             |       |       |       |       |       |       |       |       |    22 ||    22
       Summon Butterflie |       |       |       |       |       |       |       |       |     5 ||     5
       Apportation       |       |       |       |       |       |       |       |       |     7 ||     7
Invok: Heroism           |       |       |     2 |     5 |       |     8 |     6 |    12 |     8 ||    41
       Finesse           |       |       |       |       |       |     1 |     1 |     5 |     1 ||     8
       Divine Shield     |       |       |       |       |       |       |       |       |     5 ||     5
       Cleansing Flame   |       |       |       |       |       |       |       |       |     1 ||     1
       Brand Weapon With |       |       |       |       |       |       |       |       |     1 ||     1
Evoke: Wand              |       |       |     4 |     7 |     1 |     4 |     1 |     1 |     1 ||    19
  Use: Scroll            |       |    12 |     8 |     8 |    16 |    12 |     3 |    28 |    15 ||   102
       Potion            |       |       |     2 |     5 |     3 |     6 |       |     5 |    14 ||    35
 Stab: Petrified         |       |       |       |       |     4 |       |       |       |       ||     4
       Distracted        |       |       |       |       |       |       |       |     2 |       ||     2
  Eat: Chunk             |     1 |     7 |    15 |    26 |    31 |    23 |    29 |    31 |    11 ||   174
       Ration            |       |     1 |     3 |     4 |     1 |     9 |     5 |     6 |    19 ||    48
Armor: Robe              |    33 |     8 |    23 |       |       |       |       |       |       ||    64
       Chain mail        |       |   174 |    14 |       |       |   801 |   653 |   293 |       ||  1935
       Leather armour    |       |       |    30 |    88 |       |       |       |       |       ||   118
       Ring mail         |       |       |       |   290 |   415 |   202 |       |       |       ||   907
       Skin              |       |       |       |    10 |       |       |       |       |       ||    10
       Pearl dragon scal |       |       |       |       |       |       |       |   246 |   838 ||  1084
       Gold dragon scale |       |       |       |       |       |       |       |   133 |   360 ||   493
Dodge: Dodged            |    51 |    74 |    87 |   266 |   273 |   361 |   258 |   779 |  1558 ||  3707
Block: Other             |       |       |       |       |       |     7 |    54 |    68 |   156 ||   285
       Reflection        |       |       |       |       |       |     1 |    10 |    10 |     8 ||    29

Table legend:
 A = Spawn XP
 B = Non-spawn XP
 C = Spawn XP percentage of total XP
 D = Spawn monster count
 E = Non-spawn monster count
 F = Spawn count percentage of total count
 G = Total turns spent on level
                    A         B        C        D         E        F      G
               +---------+---------+-------+---------+---------+-------+---------
         Total |   51625 | 1556629 |   3.2 |      83 |    2443 |   3.3 | 120073
               +---------+---------+-------+---------+---------+-------+---------
           D:1 |       0 |      48 |   0.0 |       0 |      21 |   0.0 |   937
           D:2 |       0 |      90 |   0.0 |       0 |      19 |   0.0 |  1314
           D:3 |       0 |      70 |   0.0 |       0 |      18 |   0.0 |   813
           D:4 |       0 |    1534 |   0.0 |       0 |      36 |   0.0 |  2018
           D:5 |       0 |     448 |   0.0 |       0 |      11 |   0.0 |  1669
           D:6 |       0 |    1056 |   0.0 |       0 |      36 |   0.0 |  2642
           D:7 |       0 |    5967 |   0.0 |       0 |      61 |   0.0 |  8168
           D:8 |       0 |    2781 |   0.0 |       0 |      18 |   0.0 |  2209
           D:9 |       0 |    1695 |   0.0 |       0 |      26 |   0.0 |  1392
          D:10 |       0 |    2532 |   0.0 |       0 |      19 |   0.0 |   670
          D:11 |       0 |   10691 |   0.0 |       0 |      69 |   0.0 |  1803
          D:12 |       0 |    7338 |   0.0 |       0 |      34 |   0.0 |  1242
          D:13 |       0 |   10479 |   0.0 |       0 |      38 |   0.0 |  1505
          D:14 |       0 |   31799 |   0.0 |       0 |      70 |   0.0 |  2302
          D:15 |       0 |   20914 |   0.0 |       0 |      41 |   0.0 |  1717
        Temple |       0 |      33 |   0.0 |       0 |       1 |   0.0 |   196
        Lair:1 |       0 |    3478 |   0.0 |       0 |      16 |   0.0 |  2489
        Lair:2 |       0 |    7772 |   0.0 |       0 |      27 |   0.0 |  1714
        Lair:3 |       0 |    6558 |   0.0 |       0 |      18 |   0.0 |  1675
        Lair:4 |       0 |    5946 |   0.0 |       0 |      30 |   0.0 |  2032
        Lair:5 |       0 |    6345 |   0.0 |       0 |      31 |   0.0 |  2478
        Lair:6 |       0 |   13510 |   0.0 |       0 |      35 |   0.0 |  1460
       Swamp:1 |       0 |   16791 |   0.0 |       0 |      35 |   0.0 |  1643
       Swamp:2 |       0 |   15974 |   0.0 |       0 |      39 |   0.0 |  1613
       Swamp:3 |       0 |    9314 |   0.0 |       0 |      32 |   0.0 |  1197
       Swamp:4 |       0 |   30031 |   0.0 |       0 |      44 |   0.0 |  1586
       Snake:1 |       0 |   24970 |   0.0 |       0 |      39 |   0.0 |  2143
       Snake:2 |       0 |   41772 |   0.0 |       0 |      64 |   0.0 |  3036
       Snake:3 |       0 |    7563 |   0.0 |       0 |      16 |   0.0 |  1954
       Snake:4 |       0 |   56139 |   0.0 |       0 |      86 |   0.0 |  2573
         Orc:1 |       0 |     694 |   0.0 |       0 |      19 |   0.0 |   477
         Orc:2 |       0 |   10049 |   0.0 |       0 |      64 |   0.0 |  1375
         Elf:1 |       0 |   20807 |   0.0 |       0 |      36 |   0.0 |  1188
         Elf:2 |       0 |   44294 |   0.0 |       0 |      56 |   0.0 |  2656
         Elf:3 |       0 |   62986 |   0.0 |       0 |      68 |   0.0 |  3078
      Vaults:1 |       0 |   53938 |   0.0 |       0 |      88 |   0.0 |  4254
      Vaults:2 |       0 |   45712 |   0.0 |       0 |      99 |   0.0 |  3524
      Vaults:3 |       0 |   34397 |   0.0 |       0 |      57 |   0.0 |  1619
      Vaults:4 |       0 |   85333 |   0.0 |       0 |     113 |   0.0 |  2885
       Crypt:1 |     766 |   29740 |   2.5 |       1 |      45 |   2.2 |  2548
       Crypt:2 |       0 |    4537 |   0.0 |       0 |       3 |   0.0 |   198
      Depths:1 |     122 |   51385 |   0.2 |       1 |      72 |   1.4 |  3662
      Depths:2 |       0 |  173090 |   0.0 |       0 |     150 |   0.0 |  5833
      Depths:3 |       0 |   68883 |   0.0 |       0 |      65 |   0.0 |  4638
      Depths:4 |       0 |  116820 |   0.0 |       0 |      83 |   0.0 |  6289
      Depths:5 |       0 |  103449 |   0.0 |       0 |      80 |   0.0 |  4511
          Hell |       0 |   25502 |   0.0 |       0 |      37 |   0.0 |   733
         Zot:1 |       0 |  100710 |   0.0 |       0 |      87 |   0.0 |  3815
         Zot:2 |       0 |   81551 |   0.0 |       0 |      54 |   0.0 |  3382
         Zot:3 |       0 |   22182 |   0.0 |       0 |      12 |   0.0 |   185
       Abyss:1 |     980 |    2332 |  29.6 |       1 |       1 |  50.0 |    48
       Abyss:2 |    1586 |    3025 |  34.4 |       4 |       5 |  44.4 |   149
       Abyss:3 |   31940 |   28858 |  52.5 |      49 |      30 |  62.0 |   890
       Abyss:4 |   15631 |    2819 |  84.7 |      25 |       3 |  89.3 |   718
       Abyss:5 |     600 |       0 | 100.0 |       2 |       0 | 100.0 |    97
           Lab |       0 |    1231 |   0.0 |       0 |       1 |   0.0 |   126
         IceCv |       0 |    5895 |   0.0 |       0 |      24 |   0.0 |   622
       Volcano |       0 |    8536 |   0.0 |       0 |      27 |   0.0 |  1478
        WizLab |       0 |   24236 |   0.0 |       0 |      34 |   0.0 |   690
               +---------+---------+-------+---------+---------+-------+---------
